cohdb
Replays
Latest Replays
All Replays
Popular Replays
Top Player Replays
Match Explorer
How It Works
Community
CoH3 Stats
Reddit
Sign in to upload your games and track your stats! →
Sign in with Steam
Match 45984330
Unlisted
Match 45984330
Overview
Messages
Build Orders
End
Construct Infanterie Kompanie
MG 42 Machine Gun Team
Grenadier Squad
Grenadier Squad
Grenadier Squad
Infanterie Officer Quarters
GrW 34 Mortar Team
Construct Luftwaffe Kompanie
221 Scout Car
Selects Mechanized Battlegroup
Selects Spotting Scopes
Flak 30 Anti-aircraft Gun Team
Selects Wespe Self-propelled Artillery
Wespe Self-propelled Artillery
Wespe Self-propelled Artillery
Luftwaffe Officer Quarters
Kettenkrad Recon Vehicle
Wespe Self-propelled Artillery
Kettenkrad Recon Vehicle
Raiden
WHAT CAN I SAY?
rabbit hole
Ra11
MajikMouse
Quietus
0
0
Comments
sign in to comment!
No comments posted yet!